AoeStats
← ruandk

Arabia

503145397Analyzed
1v1 RM · 2mo ago on Aug 30, 2026· 41m 17s· 2 players
Game mode
Random Map
Map size
Tiny (2 player)
Population
200
Speed
Normal
Resources
Standard
Victory
Conquest
Starting age
Dark Age
Ending age
Imperial Age
RankedLock teamsTeams togetherTeam positionsShared explorationLock speedFull tech treeHidden civsTurbo modeCheats
Victory
Defeat
🇦🇷 Chinese · Argentina
1051
+15
vs
🇳🇱 Sicilians · Netherlands
1035
-15
ruandk
6:49 Loom
7:21 Loom
10:20 Feudal Age
11:02 Double-Bit Axe
14:27 Fletching
19:15 Scale Mail Armor
25:24 Castle Age
26:05 Bodkin Arrow
25:36 Elite Skirmisher
29:04 Padded Archer Armor
33:01 Gold Mining
38:56 Imperial Age
37:43 Murder Holes
37:50 Murder Holes
40:36 Gold Shaft Mining
39:54 Stone Mining
Legobelin
0:31 Loom
9:01 Feudal Age
10:43 Double-Bit Axe
15:30 Fletching
15:43 Horse Collar
16:24 Padded Archer Armor
22:52 Castle Age
21:34 Gold Mining
23:11 Elite Skirmisher
23:50 Bodkin Arrow
28:45 Leather Archer Armor
31:25 Wheelbarrow
38:02 Imperial Age
35:50 Town Watch
36:52 Ballistics
39:02 Gold Shaft Mining
39:08 Bracer
41:08 Chemistry
Connection lost

Rejoining the realm…

Still unreachable

The connection could not be restored.

Session expired

The server has moved on; the page needs a fresh start.